 Dungeon Sprint DCSS version 0.27-a0-1217-g8a41f320e8 (webtiles) character file.

Game seed: 11087057211332465609

238 mhtbhm the Cudgeller (level 5, -4/59 HPs)
             Began as a Troll Berserker on June 6, 2021.
             Was a Priest of Trog.
             Slain by a spriggan
             ... wielding a +0 dagger
              (15 damage)
             ... while paralysed
             ... in the Dungeon (Sprint IV: "Fedhas' Mad Dash").
             The game lasted 00:00:40 (661 turns).

mhtbhm the Cudgeller (Troll Berserker)               Turns: 661, Time: 00:00:41

Health: -4/59      AC:  4    Str: 26    XL:     5   Next: 78%
Magic:  4/4        EV:  1    Int:  3    God:    Trog [***...]
Gold:   64         SH:  0    Dex:  9    Spells: 4/4 levels left

rFire    . . .     SeeInvis .   a - +0 flail
rCold    . . .     Faith    .   (no shield)
rNeg     . . .     Spirit   .   b - +0 animal skin
rPois    .         Reflect  .   (helmet restricted)
rElec    .         Harm     .   (no cloak)
rCorr    .         Rampage  .   (gloves unavailable)
Will     .....     NoTele   +   (boots unavailable)
Stlth    +.........             j - amulet of invisibility {+Inv}
HPRegen  1.19/turn              (no ring)
MPRegen  0.09/turn              (no ring)

@: paralysed, on berserk cooldown, slowed
A: large, unfitting armour, claws 3, regeneration 1, shaggy fur 1, tough skin 1
a: Renounce Religion, Evoke Invisibility, Berserk, Trog's Hand


You were in the Dungeon.
You worshipped Trog.
Trog was most pleased with you.
You visited 1 branch You collected 64 gold pieces.

Inventory:

Hand Weapons
 a - a +0 flail (weapon)
Armour
 b - a +0 animal skin (worn)
Jewellery
 j - the amulet of invisibility (around neck) {+Inv}
   (You found it in the Dungeon)

   [amulet of nothing]

   It lets you turn invisible.
Scrolls
 h - a scroll of blinking
Potions
 c - a potion of curing
 d - a potion of heal wounds
 e - a potion of haste
 f - 2 potions of magic
 g - a potion of berserk rage
 i - a potion of might {unknown}


   Skills:
 + Level 5.9 Fighting
 + Level 7.6 Maces & Flails
 + Level 5.6 Dodging
 + Level 0.2 Stealth
 + Level 1.1 Evocations


You had 4 spell levels left.
You didn't know any spells.
Your spell library was empty.

Dungeon Overview and Level Annotations

Branches:
Dungeon (1/1)

Altars:
Cheibriados
Dithmenos
Elyvilon
Gozag
Hepliaklqana
Kikubaaqudgha
Makhleb
Nemelex Xobeh
Okawaru
Qazlal
Ru
Sif Muna
Trog
Uskayaw
Vehumet
Wu Jian
Xom
Yredelemnul
Zin
The Shining One
Beogh
Jiyva
Lugonu


Innate Abilities, Weirdness & Mutations

You are too large for most types of armour.
You have claws for hands.
Your natural rate of healing is unusually fast.
You are covered in fur. (AC +1)
You have tough skin. (AC +1)


Message History

You miss the spriggan.
The spriggan is lightly wounded.
The spriggan barely misses you. The spriggan hits you with a +0 dagger.
You miss the spriggan.
The spriggan is lightly wounded.
The spriggan barely misses you. The spriggan hits you with a +0 dagger.
You barely miss the spriggan.
The spriggan is lightly wounded.
You hit the spriggan.
The spriggan is heavily wounded.
The spriggan hits you with a +0 dagger. x2
You miss the spriggan.
The spriggan is heavily wounded.
The spriggan closely misses you. The spriggan hits you with a +0 dagger!
You are too injured to fight recklessly!
You are too injured to fight recklessly!
You are too injured to fight recklessly!
You are too injured to fight recklessly!
You are too injured to fight recklessly!
You are too injured to fight recklessly!
You are too injured to fight recklessly!
You are too injured to fight recklessly!
You are too injured to fight recklessly!
You are too injured to fight recklessly!
You are too injured to fight recklessly!
You are too injured to fight recklessly!
You are too injured to fight recklessly!
You are too injured to fight recklessly!
You are too injured to fight recklessly!
You completely miss the spriggan.
The spriggan is heavily wounded.
You are no longer berserk.
You pass out from exhaustion.
You feel yourself slow down. The spriggan hits you with a +0 dagger.
The spriggan hits you with a +0 dagger!
* * * LOW HITPOINT WARNING * * *
The spriggan hits you with a +0 dagger.
* * * LOW HITPOINT WARNING * * *
The spriggan hits you with a +0 dagger!
You die...

######################
#.⌠._._._._.⌠.#.@i$..#
'.._._._._._..'.i#$.$#
#..._._._._...#..# #+#
#.._._._._._..#.)#
#._._._._._.⌠.####
###############


You could see 2 spriggans.

Vanquished Creatures
  2 scorpions (D)
  3 oklob saplings (D)
  A river rat (D)
  A rat (D)
7 creatures vanquished.

Notes
Turn   | Place    | Note
-------+----------+-------------------------------------------
     0 | D        | mhtbhm the Troll Berserker began the quest for the Orb.
     0 | D        | Reached XP level 1. HP: 22/22 MP: 0/0
    12 | D        | Reached skill level 3 in Maces & Flails
    12 | D        | Reached XP level 2. HP: 31/31 MP: 1/1
   170 | D        | Noticed an oklob sapling
   173 | D        | Killed an oklob sapling
   173 | D        | Reached ** piety under Trog
   174 | D        | Reached skill level 4 in Maces & Flails
   174 | D        | Reached XP level 3. HP: 39/39 MP: 2/2
   407 | D        | Noticed a scorpion
   408 | D        | Found the amulet of invisibility {+Inv}
   413 | D        | Killed a scorpion
   414 | D        | Reached skill level 5 in Maces & Flails
   414 | D        | Reached XP level 4. HP: 49/49 MP: 3/3
   534 | D        | Found an opulent altar of Gozag.
   534 | D        | Found a hazy altar of Hepliaklqana.
   534 | D        | Found a burning altar of Makhleb.
   534 | D        | Found a sparkling altar of Nemelex Xobeh.
   534 | D        | Found a snail-covered altar of Cheibriados.
   534 | D        | Found a sacrificial altar of Ru.
   534 | D        | Found a shimmering blue altar of Sif Muna.
   534 | D        | Found a shimmering altar of Xom.
   534 | D        | Found a basalt altar of Yredelemnul.
   535 | D        | Found a viscous altar of Jiyva.
   535 | D        | Found a bloodstained altar of Trog.
   535 | D        | Found an ornate altar of the Wu Jian Council.
   536 | D        | Found an iron altar of Okawaru.
   536 | D        | Found a shadowy altar of Dithmenos.
   536 | D        | Found a glowing silver altar of Zin.
   537 | D        | Found an ancient bone altar of Kikubaaqudgha.
   537 | D        | Found a hide-covered altar of Uskayaw.
   538 | D        | Found a stormy altar of Qazlal.
   538 | D        | Found a white marble altar of Elyvilon.
   538 | D        | Found a glowing golden altar of the Shining One.
   539 | D        | Found a corrupted altar of Lugonu.
   539 | D        | Found a radiant altar of Vehumet.
   548 | D        | Reached skill level 5 in Fighting
   548 | D        | Reached skill level 6 in Maces & Flails
   548 | D        | Reached skill level 5 in Dodging
   548 | D        | Reached XP level 5. HP: 39/57 MP: 2/4
   595 | D        | Reached *** piety under Trog
   646 | D        | Reached skill level 7 in Maces & Flails
   646 | D        | Reached skill level 1 in Evocations
   661 | D        | Slain by a spriggan

Illustrated notes

Levels and vault maps discovered:
D:        dungeon_sprint_fedhas [sprint_temple]

Skill      XL: |  1  2  3  4  5 |
---------------+----------------+-----
Fighting       | 3 4 5 |  5.9
Maces & Flails | 3 4 5 6 7 |  7.6
Dodging        | 3 4 5 |  5.6
Evocations     | 1 |  1.1
Stealth        | |  0.2

Action                   |  1- 3 |  4- 6 || total
-------------------------+-------+-------++-------
Melee: Mace              |    12 |     9 ||    21
       Flail             |       |    19 ||    19
Invok: Berserk           |     3 |     3 ||     6
 Abil: Evoke Invisibilit |       |     2 ||     2
 Stab: Sleeping          |       |     1 ||     1
Armor: Animal skin       |       |     1 ||     1
Dodge: Dodged            |     4 |    11 ||    15

Table legend: (Time is in decaauts)
 A = Elapsed time spent in this place.
 B = Non-inter-level travel time spent in this place.
 C = Inter-level travel time spent in this place.
 D = Time resting spent in this place.
 E = Time spent auto-exploring this place.
 F = Levels seen in this place.
 G = Mean time per level.
                   A        B        C        D        E       F      G
               +--------+--------+--------+--------+--------+-----+--------+
         Total |    704 |    704 |      0 |    591 |      0 |   1 |  704.0 |
       Dungeon |    704 |    704 |      0 |    591 |      0 |   1 |  704.0 |
               +--------+--------+--------+--------+--------+-----+--------+

Top non-repeatable levels by time:
       D: 704 daAuts
